 Dungeon Crawl Stone Soup version 0.30-a0-134-gb40fab5c76 (webtiles) character file.

Game seed: 7171247874130977991

5064 Ofeo the Skirmisher (level 10, -14/74 (76) HPs)
             Began as a Demonspawn Hexslinger on Sept 19, 2022.
             Was a Believer of Kikubaaqudgha.
             Killed from afar by a steam dragon (20 damage)
             ... with a ball of steam
             ... on level 8 of the Dungeon.
             The game lasted 00:31:00 (11832 turns).

Ofeo the Skirmisher (Demonspawn Hexslinger)        Turns: 11832, Time: 00:31:01

HP:   -14/74 (76)   AC:  6    Str: 10    XL:     10   Next: 31%
MP:   15/18         EV: 19    Int: 22    God:    Kikubaaqudgha [**....]
Gold: 417           SH:  0    Dex: 21    Spells: 2/20 levels left

rFire   . . .      SeeInvis .    a - +2 sling (flame)
rCold   . . .      Faith    +    (no shield)
rNeg    . . .      Spirit   .    e - +1 leather armour {rPois}
rPois   +          Reflect  .    j - +1 helmet
rElec   .          Harm     .    (no cloak)
rCorr   .          Rampage  .    (no gloves)
Will    .....                    (no boots)
Stlth   ++++......               A - amulet of faith
HPRegen 0.22/turn                C - +4 ring of evasion
MPRegen 0.16/turn                x - +6 ring of intelligence

@: lightly drained
A: claws 1, thin skeletal structure 2, powered by death 2, corrupting presence 1
a: Renounce Religion, Unearth Wretches


You were on level 8 of the Dungeon.
You worshipped Kikubaaqudgha.
Kikubaaqudgha was pleased with you.
You visited 2 branches of the dungeon, and saw 9 of its levels.
You also visited: Bailey.

You collected 417 gold pieces.

Inventory:

Hand Weapons
 a - a +2 sling of flaming (weapon)
 l - a +3 sling
 B - a +0 shortbow
Missiles
 s - a throwing net
Armour
 c - a +0 robe
 e - a +1 leather armour of poison resistance (worn)
 h - a +0 buckler
 j - a +1 helmet (worn)
Jewellery
 f - a ring of see invisible
 w - a ring of poison resistance
 x - a +6 ring of intelligence (right claw)
 A - an amulet of faith (around neck)
 C - a +4 ring of evasion (left claw)
Scrolls
 i - a scroll of identify {@r1}
 r - 3 scrolls of magic mapping
 y - 3 scrolls of teleportation {@r3}
 z - 2 scrolls of fog
Potions
 d - a potion of brilliance
 g - a potion of cancellation
 k - a potion of attraction
 m - 4 potions of mutation
 o - a potion of invisibility
 p - 2 potions of berserk rage
 t - 2 potions of heal wounds {unknown}
 u - a potion of flight {unknown}
 v - a potion of haste {@q3}


   Skills:
 + Level 6.0 Fighting
 * Level 8.0 Ranged Weapons
 + Level 5.8 Dodging
 + Level 5.5 Spellcasting
 - Level 6.2 Hexes
 + Level 0.7 Necromancy
 + Level 4.0 Ice Magic


You had 2 spell levels left.
You knew the following spells:

 Your Spells              Type           Power      Damage    Failure   Level
a - Slow                  Hex            100%       N/A       1%          1
b - Ensorcelled Hibernat  Hex/Ice        56%        N/A       2%          2
c - Inner Flame           Hex/Fire       19%        N/A       11%         3
d - Frozen Ramparts       Ice            46%        1d7       8%          3
e - Ozocubu's Armour      Ice            23%        N/A       8%          3
f - Cigotuvi's Dreadful   Necr/Pois/Air  14%        N/A       19%         2
g - Cause Fear            Hex            16%        N/A       10%         4

Your spell library contained the following spells:

 Spells                   Type           Power      Damage    Failure   Level
 Necrotise                Necr           36%        1d5       10%         1
 Apportation              Tloc           12%        N/A       13%         1
 Sublimation of Blood     Necr           9%         N/A       14%         2
 Dazzling Flash           Conj/Hex       38%        N/A       11%         3
 Portal Projectile        Hex/Tloc       38%        N/A       11%         3
 Anguish                  Hex/Necr       10%        N/A       30%         4
 Spider Form              Tmut/Pois      6%         N/A       36%         3
 Animate Dead             Necr           9%         N/A       67%         4
 Iskenderun's Mystic Bla  Conj/Tloc      6%         2d4       78%         4
 Petrify                  Tmut/Erth      6%         N/A       78%         4
 Alistair's Intoxication  Tmut/Pois      4%         N/A       98%         5
 Iron Shot                Conj/Erth      3%         9d2       100%        6
 Starburst                Conj/Fire      3%         6d3       100%        6


Dungeon Overview and Level Annotations

Branches:
Dungeon (8/15)             Temple (1/1) D:4          Bailey (visited)
   Lair: D:8-11

Altars:
Ashenzari
Cheibriados
Dithmenos
Fedhas
Gozag
Hepliaklqana
Kikubaaqudgha
Makhleb
Nemelex Xobeh
Okawaru
Qazlal
Ru
Sif Muna
Trog
Uskayaw
Vehumet
Wu Jian
Yredelemnul

Annotations:
D:3 1 runed translucent door, Crazy Yiuf


Innate Abilities, Weirdness & Mutations

You have sharp fingernails.
You have a moderately thin skeletal structure. (Dex +4, Stealth++)
You regenerate health from kills.
Your presence sometimes corrodes those you injure.


Message History

Press: ? - help, Q - select action, (/) - cycle Shift-Dir - straight line, f/p - steam dragon
Aim: a steam dragon (steam, almost dead, catching its breath, 69% to hit)
Okay, then.
Fire: a) +2 sling (flame)
Press: ? - help, Q - select action, (/) - cycle Shift-Dir - straight line, f/p - steam dragon
Aim: a steam dragon (almost dead, 69% to hit)
Okay, then.
You aren't carrying any items that you can evoke.
Okay, then.
Fire: a) +2 sling (flame)
Press: ? - help, Q - select action, (/) - cycle Shift-Dir - straight line, f/p - steam dragon
Aim: a steam dragon (almost dead, 69% to hit)
You shoot a sling bullet. The sling bullet hits the steam dragon.
The sling bullet burns the steam dragon.
The steam dragon is almost dead.
The steam dragon breathes steam at you. The ball of steam misses you.
An orc comes into view. It is wielding a +0 dagger.
The steam dragon misses you. x2
The steam dragon attacks as you move away!
The steam dragon bites you.
* * * LOW HITPOINT WARNING * * *
The steam dragon closely misses you.
The orc warrior hits you from afar with a +0 trident!
* * * LOW HITPOINT WARNING * * *
You take 15 damage, and have 5/74 hp.
MASSIVE DAMAGE!!
Okay, then.
You aren't carrying any items that you can evoke.
As you read the scroll of summoning, it crumbles to dust.
Wisps of shadow whirl around you... The steam dragon misses you. x2
The orc warrior hits you but does no damage.
You swap places.
Your bullfrog misses the steam dragon.
The steam dragon completely misses your sky beast.
The steam dragon closely misses your sky beast.
Your sky beast closely misses the steam dragon.
The orc warrior closely misses your sky beast.
The steam dragon breathes steam at you. The ball of steam hits your sky beast!!
The ball of steam hits you!!
You die...
Kikubaaqudgha rasps: "You have failed me!
Welcome... death!"

###...#..........#####.#
#......#.###.........#
.........#.#.....####..#
..........>#.#....# #..#
...........#.####.# #..#
..#####.##........# #..#
. #..........###..# #..#
#.####.#.#####..# #..#
..[#..F..#@.# #..#
#.###...DY§..###..# #.
#...o.##......# #
#...o.######.## #.....#
#.# #.....# #.# #
#.###.# #.# .. #.# #.#
#.# ..##.# #.# #.#


You could see an orc warrior, an orc and a friendly sky beast (summoned).

Vanquished Creatures
  Pikel (D:5)
  Prince Ribbit (D:7)
  3 yaks (D:8)
  Menkaure (D:6)
  3 water moccasins
  An ice beast (D:7)
  6 orc warriors (Bailey)
  A sky beast (D:6)
  A black bear (D:8)
  4 ogres
  A lemure (D:6)
  A phantom (D:4)
  A centaur (D:7)
  3 kobold brigands
  4 bullfrogs
  A necrophage (D:5)
  2 scorpions (D:6)
  5 wights
  4 killer bees
  3 orc priests
  A hound (D:4)
  3 jellies
  3 iguanas
  4 orc wizards
  13 gnolls
  4 adders
  2 white imps (D:7)
  4 dart slugs
  29 orcs
  2 endoplasms
  A giant cockroach (D:3)
  7 goblins
  6 hobgoblins
  2 jackals (D:3)
  3 quokkas
  4 ball pythons
  5 bats
  3 frilled lizards
  17 kobolds
  3 rats
163 creatures vanquished.

Vanquished Creatures (collateral kills)
  An orc knight (Bailey)
1 creature vanquished.

Vanquished Creatures (others)
  58 fungi
  49 plants (D:8)
107 creatures vanquished.

Grand Total: 271 creatures vanquished

Notes
Turn   | Place    | Note
-------+----------+-------------------------------------------
     0 | D:1      | Ofeo the Demonspawn Hexslinger began the quest for the Orb.
     0 | D:1      | Reached XP level 1. HP: 15/15 MP: 2/2
   326 | D:1      | Found a faded altar of an unknown god.
   552 | D:1      | Gained mutation: You have sharp fingernails. [demonic
                  | ancestry]
   552 | D:1      | Reached XP level 2. HP: 14/21 MP: 3/3
   656 | D:1      | Got the Compendium of the Mountains and Congelation
   659 | D:1      | Reached skill level 2 in Ranged Weapons
  1349 | D:2      | Learned a level 2 spell: Ensorcelled Hibernation
  1648 | D:2      | Gained mutation: You have a somewhat thin skeletal
                  | structure. (Dex +2, Stealth+) [demonic ancestry]
  1648 | D:2      | Reached XP level 3. HP: 26/26 MP: 5/5
  2781 | D:3      | Found a runed translucent door.
  2782 | D:3      | Noticed Crazy Yiuf
  2819 | D:4      | Noticed a phantom
  2832 | D:4      | Killed a phantom
  2833 | D:4      | Gained mutation: You have a moderately thin skeletal
                  | structure. (Dex +4, Stealth++) [demonic ancestry]
  2833 | D:4      | Reached XP level 4. HP: 31/33 MP: 3/7
  2889 | D:4      | Learned a level 3 spell: Inner Flame
  2931 | D:4      | Reached XP level 5. HP: 31/38 MP: 8/8
  2932 | D:4      | Noticed an ogre
  2947 | D:4      | Killed an ogre
  2948 | D:4      | Reached skill level 3 in Ranged Weapons
  2950 | D:4      | Gained mutation: You regenerate a little health from kills.
                  | [demonic ancestry]
  2950 | D:4      | Reached XP level 6. HP: 30/46 MP: 9/9
  3046 | D:4      | Found a staircase to the Ecumenical Temple.
  3122 | Temple   | Entered the Ecumenical Temple
  3518 | Temple   | Became a worshipper of Kikubaaqudgha
  4367 | D:5      | Entered Level 5 of the Dungeon
  4804 | D:5      | Noticed a water moccasin
  4808 | D:5      | Killed a water moccasin
  4809 | D:5      | Reached skill level 4 in Ranged Weapons
  4809 | D:5      | Reached XP level 7. HP: 52/52 MP: 9/11
  6709 | D:5      | Learned a level 3 spell: Frozen Ramparts
  6713 | D:5      | Learned a level 3 spell: Ozocubu's Armour
  6751 | D:6      | Reached skill level 5 in Ranged Weapons
  6751 | D:6      | Gained mutation: Your presence sometimes corrodes those you
                  | injure. [demonic ancestry]
  6751 | D:6      | Reached XP level 8. HP: 60/60 MP: 13/13
  6808 | D:6      | Reached skill level 5 in Hexes
  6861 | D:6      | Reached skill level 1 in Ice Magic
  6913 | D:6      | Noticed Pikel
  6952 | D:5      | Killed Pikel
  6953 | D:5      | Reached skill level 6 in Ranged Weapons
  7238 | D:6      | Reached * piety under Kikubaaqudgha
  7238 | D:6      | Received a gift from Kikubaaqudgha
  7239 | D:6      | Reached XP level 9. HP: 66/66 MP: 15/15
  7247 | D:6      | Learned a level 2 spell: Cigotuvi's Dreadful Rot
  7398 | D:6      | Noticed Menkaure
  7403 | D:6      | Killed Menkaure
  8011 | D:6      | Upgraded the game from 0.30-a0-125-g51eefa89be to
                  | 0.30-a0-134-gb40fab5c76
  8087 | D:7      | Reached skill level 5 in Fighting
  9717 | D:7      | Reached skill level 5 in Dodging
 10091 | D:7      | Found an opulent altar of Gozag.
 10168 | D:7      | Noticed Prince Ribbit
 10196 | D:7      | Killed Prince Ribbit
 10197 | D:7      | Reached skill level 7 in Ranged Weapons
 10738 | D:8      | Found a flagged portal.
 10761 | D:8      | Reached skill level 5 in Spellcasting
 10776 | Bailey   | Entered a bailey
 10879 | Bailey   | Gained mutation: You regenerate health from kills. [demonic
                  | ancestry]
 10879 | Bailey   | Reached XP level 10. HP: 54/76 MP: 10/17
 11019 | Bailey   | Reached ** piety under Kikubaaqudgha
 11023 | Bailey   | Found a large runed translucent door.
 11023 | Bailey   | Found a large runed translucent door.
 11024 | Bailey   | Noticed an orc knight
 11024 | Bailey   | Noticed a deep elf pyromancer
 11031 | Bailey   | Learned a level 4 spell: Cause Fear
 11253 | Bailey   | Killed an orc knight
 11761 | D:8      | Reached skill level 8 in Ranged Weapons
 11832 | D:8      | Killed from afar by a steam dragon

Illustrated notes

Levels and vault maps discovered:
D:1:      zaba_arrival_water, layout_basic,
          shapermc_ecumenical_altar_totnotflames
D:2:      layout_basic
D:3:      layout_basic, due_unseen_surprise, uniq_crazy_yiuf_cottage
D:4:      layout_loops_ring, temple_green, dreamdust_gnoll_farm
D:5:      layout_loops_ring, roderic_lattice_a
D:6:      layout_cave_pools, kennysheep_generic_room_4, uniq_menkaure,
          uniq_pikel
D:7:      layout_rooms, nicolae_overflow_crystal_walls, kennysheep_small_spiral,
          uniq_prince_ribbit1
D:8:      layout_basic, xom_butterflies, due_lair_maze_entry_diamond,
          enter_bailey_3, nicolae_elevator_lobby_asterisk
Temple:   mainiacjoe_temple_cubbyholes

Skill      XL: |  1  2  3  4  5  6  7  8  9 10 |
---------------+-------------------------------+-----
Dodging        | 2 3 4 5 |  5.8
Ranged Weapons | 2 3 4 5 6 7 8 |  8.0
Fighting       | 2 3 4 5 6 |  6.0
Spellcasting   | 2 3 4 5 |  5.5
Hexes          | 4 5 6 |  6.2
Ice Magic      | 2 3 4 |  4.0
Necromancy     | |  0.7

Action                   |  1- 3 |  4- 6 |  7- 9 | 10-12 || total
-------------------------+-------+-------+-------+-------++-------
 Fire: Sling             |    99 |    68 |   399 |    62 ||   628
 Cast: Slow              |     9 |     5 |    28 |    15 ||    57
       Frozen Ramparts   |       |       |    12 |     8 ||    20
       Ozocubu's Armour  |       |       |     4 |     5 ||     9
       Cause Fear        |       |       |       |     1 ||     1
       Cigotuvi's Dreadf |       |       |       |     1 ||     1
Evoke: Wand              |       |    15 |       |       ||    15
  Use: Scroll            |     5 |    13 |     4 |     4 ||    26
       Potion            |       |     2 |     2 |     2 ||     6
Armor: Robe              |     9 |       |       |       ||     9
       Leather armour    |     9 |    11 |    44 |     4 ||    68
       Skin              |       |    44 |       |       ||    44
Dodge: Dodged            |    31 |    28 |   155 |    38 ||   252

Table legend: (Time is in decaauts)
 A = Elapsed time spent in this place.
 B = Non-inter-level travel time spent in this place.
 C = Inter-level travel time spent in this place.
 D = Time resting spent in this place.
 E = Time spent auto-exploring this place.
 F = Levels seen in this place.
 G = Mean time per level.
                   A        B        C        D        E       F      G
               +--------+--------+--------+--------+--------+-----+--------+
         Total |  11932 |  11536 |    396 |   2401 |   7295 |  10 | 1193.2 |
       Dungeon |  10676 |  10348 |    328 |   1948 |   6943 |   8 | 1334.5 |
        Temple |    426 |    358 |     68 |      0 |    352 |   1 |  426.0 |
        Bailey |    829 |    829 |      0 |    453 |      0 |   1 |  829.0 |
               +--------+--------+--------+--------+--------+-----+--------+

Top non-repeatable levels by time:
     D:5: 2380 daAuts
     D:6: 2236 daAuts
     D:4: 1444 daAuts
     D:7: 1401 daAuts
     D:2: 1011 daAuts
     D:1: 998 daAuts
     D:3: 839 daAuts
  Bailey: 829 daAuts
  Temple: 426 daAuts
     D:8: 363 daAuts
